 Dungeon Crawl Stone Soup version 0.29.0-13-gc9e81de378 (webtiles) character file.

Game seed: 16637507579410578677

258 SnakkuSnakku7 the Shooter (level 6, -1/43 HPs)
             Began as a Djinni Hunter on Sept 10, 2022.
             Slain by a black bear (5 damage)
             ... on level 4 of the Dungeon.
             The game lasted 00:03:21 (2729 turns).

SnakkuSnakku7 the Shooter (Djinni Hunter)           Turns: 2729, Time: 00:03:21

Health: -1/43      AC:  4    Str: 10    XL:     6   Next: 40%
Gold:   105        EV: 12    Int: 10    God:
                   SH:  0    Dex: 19

rFire   + + .      SeeInvis .   a - +0 shortbow
rCold   . . .      Faith    .   (shield currently unavailable)
rNeg    . . .      Spirit   .   c - +0 leather armour
rPois   ∞          Reflect  .   p - +0 helmet
rElec   .          Harm     .   (no cloak)
rCorr   .          Rampage  .   (no gloves)
Will    +....                   (boots unavailable)
Stlth   ++........              h - amulet of the acrobat
HPRegen 0.14/turn               l - ring of willpower
MPRegen 0.00/turn               m - ring of protection from cold

@: flying
A: sickness immunity, fire resistance 2, cold vulnerability 1, float, innate
caster, HP casting, extra vitality 1
a: no special abilities


You were on level 4 of the Dungeon.
You visited 1 branch of the dungeon, and saw 4 of its levels.

You collected 105 gold pieces.

Inventory:

Hand Weapons
 a - a +0 shortbow (weapon)
Armour
 c - a +0 leather armour (worn)
 p - a +0 helmet (worn)
Jewellery
 h - an amulet of the acrobat (around neck)
 l - a ring of willpower (left hand)
 m - a ring of protection from cold (right hand)
Scrolls
 b - a scroll of immolation
 e - a scroll of fear {unknown}
 i - a scroll of identify {unknown}
 j - 2 scrolls of blinking {unknown}
 k - a scroll of poison {unknown}
 n - a scroll of butterflies {unknown}
 q - a scroll of silence {unknown}
Potions
 d - 2 potions of flight {unknown}
 f - 2 potions of curing {unknown}
 g - a potion of mutation {unknown}
 o - a potion of brilliance {unknown}
 r - a potion of heal wounds {unknown}


   Skills:
 - Level 2.0 Fighting
 + Level 6.0 Ranged Weapons
 - Level 2.1 Dodging
 - Level 0.7 Stealth


You had 2 spell levels left.
You knew the following spells:

 Your Spells              Type           Power      Damage    Failure   Level
a - Sting                 Tmut/Pois      0%         1d3       45%         1
b - Searing Ray           Conj           0%         2d4       61%         2
Your spell library was empty.

Dungeon Overview and Level Annotations

Branches:
Dungeon (4/15)
 Temple: D:4-7

Altars:
Elyvilon
Gozag
Qazlal
Trog


Innate Abilities, Weirdness & Mutations

You are immune to sickness and miasma.
You are immune to poison.
Your flesh is very heat resistant. (rF++)
You are vulnerable to cold. (rC-)
You float through the air rather than walking.
You learn spells naturally, not from books.
Your magical power is your life essence.
You have superior vitality. (+4 MHP)


Message History

You shoot an arrow. The arrow hits the black bear!
The black bear is almost dead.
The black bear goes berserk!
Unknown command.
You shoot an arrow. The arrow hits the black bear.
The black bear is almost dead.
The black bear bites you! The black bear claws you.
The black bear barely misses you. The black bear closely misses you.
The black bear claws you.
* * * LOW HITPOINT WARNING * * *
The black bear claws you.
* * * LOW HITPOINT WARNING * * *
You are too injured to fight recklessly!
Unknown command.
You are too injured to fight recklessly!
Unknown command.
Unknown command.
You are too injured to fight recklessly!
Okay, then.
Fire: a) +0 shortbow
Press: ? - help, Q - select action, (/) - cycle Shift-Dir - straight line, f/p - black bear
Aim: a black bear (almost dead, berserk, 72% to hit)
You shoot an arrow. The arrow barely misses the black bear.
The arrow hits the kobold.
The kobold is moderately wounded.
The black bear bites you but does no damage.
The black bear claws you but does no damage.
The black bear claws you.
* * * LOW HITPOINT WARNING * * *
The black bear barely misses you. The black bear claws you.
* * * LOW HITPOINT WARNING * * *
The black bear claws you but does no damage.
Fire: a) +0 shortbow
Press: ? - help, Q - select action, (/) - cycle Shift-Dir - straight line, f/p - black bear
Aim: a black bear (almost dead, berserk, 72% to hit)
You shoot an arrow. The arrow barely misses the black bear.
The arrow hits the kobold.
You kill the kobold!
The black bear closely misses you. The black bear claws you.
You die...

#......###.#.#
#.....)...†..#
#......<.#.#.#
####...#.###.##..
##.###)##.# .#
#.# ##.#.##.##..
.# .#
#.###...##### ##
# ##.#.#### ##@##
#h# #)# #.# #.#
#..........
#.#.#...##.
#.#.....# # ##.
....


You could see a black bear (berserk).

Vanquished Creatures
  Jessica (D:3)
  An orc wizard (D:4)
  Robin (D:3)
  10 adders
  An ufetubus (D:4)
  A dart slug (D:3)
  8 orcs
  6 endoplasms
  A giant cockroach (D:2)
  12 hobgoblins
  8 jackals
  11 kobolds
  3 quokkas (D:2)
  2 ball pythons
  4 bats
  A frilled lizard (D:2)
  9 goblins
  8 rats
  A spectral kobold (D:2)
89 creatures vanquished.

Notes
Turn   | Place    | Note
-------+----------+-------------------------------------------
     0 | D:1      | SnakkuSnakku7 the Djinni Hunter began the quest for the
                  | Orb.
     0 | D:1      | Reached XP level 1. HP: 18/18 MP: 0/0
   125 | D:1      | Reached XP level 2. HP: 9/23 MP: 0/0
  1017 | D:2      | Found a bloodstained altar of Trog.
  1036 | D:2      | Reached skill level 4 in Ranged Weapons
  1036 | D:2      | Reached XP level 3. HP: 28/28 MP: 0/0
  1036 | D:2      | Learned a level 1 spell: Sting
  1404 | D:2      | Reached XP level 4. HP: 33/33 MP: 0/0
  1459 | D:2      | Found a faded altar of an unknown god.
  1791 | D:3      | Noticed Robin
  1812 | D:3      | Killed Robin
  1813 | D:3      | Reached XP level 5. HP: 15/38 MP: 0/0
  1813 | D:3      | Learned a level 2 spell: Searing Ray
  1820 | D:3      | Reached skill level 5 in Ranged Weapons
  1993 | D:3      | Found a stormy altar of Qazlal.
  2095 | D:3      | Found an opulent altar of Gozag.
  2263 | D:3      | Identified the +4 dagger of the Dark Horse {venom, rC+}
  2376 | D:3      | Found a white marble altar of Elyvilon.
  2624 | D:3      | Noticed Jessica
  2626 | D:3      | Killed Jessica
  2627 | D:3      | Reached XP level 6. HP: 43/43 MP: 0/0
  2713 | D:4      | Reached skill level 6 in Ranged Weapons
  2715 | D:4      | Noticed a black bear
  2729 | D:4      | Slain by a black bear

Illustrated notes

Levels and vault maps discovered:
D:1:      minmay_arrival_diagonal_passages, layout_loops_cross,
          minmay_misc_feat_secret_circle
D:2:      layout_basic, dreamdust_ecumenical_altar_drowned_temple, basic_altar
D:3:      layout_basic, nicolae_gozag_seed_capital, old_standard_altar,
          mainiacjoe_overflow_six_doors_small, lemuel_doored_altar, tgw_sif,
          uniq_robin
D:4:      minmay_spotlight, layout_loops_cross, zin_academy

Skill      XL: |  1  2  3  4  5  6 |
---------------+-------------------+-----
Ranged Weapons | 4 5 6 |  6.0
Fighting       | |  2.0
Dodging        | |  2.1
Stealth        | |  0.7

Action                   |  1- 3 |  4- 6 || total
-------------------------+-------+-------++-------
 Fire: Shortbow          |    91 |   164 ||   255
Armor: Leather armour    |    16 |    36 ||    52
Dodge: Dodged            |    43 |    79 ||   122
